 Dungeon Crawl Stone Soup version 0.25.0-1-g7eea58d2a3 (webtiles) character file.

Game seed: 4356312779319096475

203 Dirian the Slasher (level 5, -3/69 HPs)
             Began as a Minotaur Fighter on June 14, 2020.
             Killed by divine providence
             ... invoked by an orc priest
              (12 damage)
             ... on level 2 of the Dungeon.
             The game lasted 00:02:43 (1866 turns).

Dirian the Slasher (Minotaur Fighter)               Turns: 1866, Time: 00:02:43

Health: -3/69      AC: 22    Str: 20 (21) XL:     5   Next: 51%
Magic:  4/4        EV:  2    Int:  3 (5)  God:
Gold:   90         SH:  9    Dex:  7 (10) Spells: 4/4 levels left

rFire    . . .     SeeInvis .   a - +0 long sword
rCold    . . .     Gourm    .   c - +0 kite shield
rNeg     + + +     Faith    .   (armour currently unavailable)
rPois    +         Spirit   .   (helmet currently unavailable)
rElec    .         Reflect  .   (cloak currently unavailable)
rCorr    .         Harm     .   (gloves currently unavailable)
MR       .....     NoTele   +   (boots currently unavailable)
Stlth    +.........             (no amulet)
HPRegen  0.21/turn              (no ring)
MPRegen  0.09/turn              (no ring)

@: tree-form
A: (retaliatory headbutt)
a: no special abilities


You were on level 2 of the Dungeon.
You were not hungry.
You were a tree.
You visited 1 branch of the dungeon, and saw 3 of its levels.

You collected 90 gold pieces.

Inventory:

Hand Weapons
 a - a +0 long sword (weapon)
 m - a +0 long sword
Armour
 b - a +0 scale mail (melded)
 c - a +0 kite shield (worn)
 f - a +0 pair of gloves (melded)
Scrolls
 t - 2 scrolls of teleportation
 x - a scroll of remove curse
Potions
 d - a potion of might
 q - a potion of curing
Comestibles
 e - 2 rations
 k - 4 chunks of flesh


   Skills:
 + Level 4.2 Fighting
 * Level 5.3 Long Blades
 + Level 4.5 Armour
 + Level 4.6 Shields


You had 4 spell levels left.
You didn't know any spells.
Your spell library was empty.

Dungeon Overview and Level Annotations

Branches:
Dungeon (3/15)

Altars:
Qazlal


Innate Abilities, Weirdness & Mutations

((You reflexively headbutt those who attack you in melee.))
((You have a pair of horns on your head.))


Message History

You slash the adder!
You kill the adder!
The orc priest invokes the aid of Beogh against you.
Beogh smites you!
You hit the orc.
The orc is severely wounded.
You block the orc's attack.
The orc priest looks encouraged for a moment.
You barely miss the orc.
The orc is severely wounded.
The orc priest calls down the wrath of Beogh upon you.
Beogh smites you!
* * * LOW HITPOINT WARNING * * *
The orc hits you but does no damage.
You closely miss the orc.
The orc is severely wounded.
The orc hits you but does no damage.
The orc priest mumbles some strange prayers to Beogh against you.
Beogh smites you!
You die...

###......## #.)#.# ####.#.#
#.......# ##.#.# #....#.#
##.......####...# #.####.#
#.........(..#..# #.####.#
#........###.#..# #....#.#
#........# #.#..# ####.#.#
#........###.#.o# #.#.#
#........#...##o###### #.#.#
#...######.####♣#....###.#.#
#...# #......#.#..#.....#
##### #..##.......#.#.###
#..#...#........####
#......)##..#......#
#........#.....###.#
#..###.....###.# #.# #..#
#...### #.###.# #..#######
#.....#


You could see an orc priest and an orc.

Vanquished Creatures
  A water moccasin zombie (D:2)
  Natasha (thrice) (D:2)
  3 adders (D:2)
  A worm (D:2)
  A leopard gecko (D:1)
  An orc (D:2)
  5 bats
  A giant cockroach (D:1)
  8 goblins
  7 hobgoblins
  3 jackals (D:1)
  4 kobolds
  A quokka (D:2)
  A frilled lizard (D:2)
  4 rats
44 creatures vanquished.

Notes
Turn   | Place    | Note
-------+----------+-------------------------------------------
     0 | D:1      | Dirian the Minotaur Fighter began the quest for the Orb.
     0 | D:1      | Reached XP level 1. HP: 19/19 MP: 0/0
   318 | D:1      | Reached XP level 2. HP: 27/27 MP: 1/1
   641 | D:1      | Reached skill level 3 in Long Blades
   847 | D:1      | Reached XP level 3. HP: 33/33 MP: 2/2
  1074 | D:2      | Found a stormy altar of Qazlal.
  1094 | D:2      | Noticed Natasha
  1100 | D:2      | Killed Natasha
  1106 | D:2      | Reached skill level 4 in Long Blades
  1106 | D:2      | Reached XP level 4. HP: 35/40 MP: 3/3
  1186 | D:2      | Noticed Natasha
  1194 | D:2      | Killed Natasha
  1236 | D:2      | Noticed Natasha
  1242 | D:2      | Killed Natasha
  1242 | D:2      | Reached XP level 5. HP: 37/46 MP: 4/4
  1305 | D:2      | Reached skill level 5 in Long Blades
  1866 | D:2      | Killed from afar by an orc priest

Illustrated notes

Levels and vault maps discovered:
D:1:      dpeg_arrival_radiant, layout_loops_cross
D:2:      layout_basic, nicolae_qazlal_general_emergency, uniq_natasha
D:3:      layout_loops_cross

Skill      XL: |  1  2  3  4  5 |
---------------+----------------+-----
Armour         | 4 |  4.5
Shields        | 4 |  4.6
Fighting       | 4 |  4.2
Long Blades    | 3 4 5 |  5.3

Action                   |  1- 3 |  4- 6 || total
-------------------------+-------+-------++-------
Melee: Long sword        |    69 |    64 ||   133
       Headbutt          |    10 |     7 ||    17
  Use: Scroll            |       |     4 ||     4
       Potion            |       |     2 ||     2
  Eat: Chunk             |     1 |     2 ||     3
Armor: Scale mail        |    30 |    19 ||    49
       Skin              |       |    19 ||    19
Dodge: Dodged            |    16 |    12 ||    28
Block: Kite shield       |    41 |    35 ||    76
       Rpst.: Long sword |     3 |     7 ||    10
